[Event "*** Titled Tuesday Blitz"]
[Site "Chess.com"]
[Date "2021.02.16"]
[Round "8"]
[White "ChampStan"]
[Black "temiksmozg"]
[Result "1-0"]
[WhiteElo "2311"]
[BlackElo "2618"]
[TimeControl "180+1"]
[EndTime "11:30:45 PST"]
[Termination "ChampStan won on time"]

1. d4 d5 2. c4 e6 3. Nc3 Nf6 4. cxd5 exd5 5. Bg5 c6 6. e3 Be7 7. Bd3 h6 8. Bf4 O-O 9. Qc2 c5 10. Nf3 Nc6 11. a3 Bg4 12. dxc5 Bxf3 13. gxf3 d4 14.
Ne4 Nd5 15. O-O-O Nxf4 16. exf4 Qc7 17. Qd2 f5 18. Ng3 g6 19. Kb1 Kh7 20. h4 h5 21. Qc2 Qd7 22. Ne2 Bf6 23. Nc1 Rac8 24. Nb3 Nd8 25. Bc4 Kh6 26. Qd3 b6 27. Bb5 Qg7 28.
cxb6 axb6 29. Rc1 Ne6 30. Rxc8 Rxc8 31. Re1 Nc5 32. Nxc5 Rxc5 33. Bc4 Qc7 34. Bb3 Qxf4 35. Re6 Qc1+ 36. Ka2 Kg7 37. Qe2 d3 38. Re7+ Kh6 39.
Qe3+ Qxe3 40. Rxe3 d2 41. Rd3 Bxh4 42. Rxd2 Bg5 43. f4 Bxf4 44. Rd3 Rc6 45. Rf3 Kg5 46. a4 Rd6 47. Bc4 Rd2 48. Ka3 Bd6+ 49. b4 h4 50. Kb3 1-0

[Event "*** Titled Tuesday Blitz"]
[Site "Chess.com"]
[Date "2021.02.16"]
[Round "8"]
[White "AsaHoffmann"]
[Black "sergeikim"]
[Result "0-1"]
[WhiteElo "2361"]
[BlackElo "2525"]
[TimeControl "180+1"]
[EndTime "11:30:45 PST"]
[Termination "sergeikim won on time"]

1. d4 Nf6 2. Bg5 g6 3. Nc3 Bg7 4. e4 d6 5. f3 c6 6. Qd2 b5 7. Bd3 b4 8. Nd1 a5 9. Nf2 Ba6 10. Ne2 Qc7 11. Bxa6 Nxa6 12. O-O O-O 13. Bh6 e5 14.
Rfd1 Rfe8 15. Bxg7 Kxg7 16. Rac1 Rad8 17. c3 Qb7 18. Ng3 h6 19. h4 c5 20. d5 Qe7 21.
h5 Nc7 22. Rf1 Rb8 23. Nh3 a4 24. c4 Rg8 25. f4 exf4 26. Rxf4 Rbf8 27. Rcf1 Nce8 28.
Qc2 Qe5 29. R1f2 Nxh5 30. Nxh5+ Qxh5 31. Qxa4 Qe5 32. Qd7 Qd4 33. Rxf7+ Rxf7 34. Qxf7+ Kh8 35. Qf4 Kh7 36. Kh2 Rg7 37. Qh4 Qe5+ 38. g3 g5 39.
Qg4 Nf6 40. Qf5+ Qxf5 41. exf5 Ng4+ 42. Kg2 Nxf2 43. Nxf2 Re7 44. Kf3 Kg7 45. Ne4 Rd7 46. g4 Kf7 47. a4 bxa3 48. bxa3 Ke7 49. a4 Ra7 50. a5 Rxa5 51. f6+ Kd7 52. f7 Ra8 53.
Ng3 Rf8 54. Nf5 Rxf7 55. Ke4 Rf6 56. Ne3 Rf4+ 57. Kd3 Kc7 58. Nf5 Rxg4 59. Nxh6 Rf4 60. Ng8 g4 61. Ke3 Rf7 0-1

[Event "*** Titled Tuesday Blitz"]
[Site "Chess.com"]
[Date "2021.02.16"]
[Round "8"]
[White "paulrusan"]
[Black "The_Machine04"]
[Result "0-1"]
[WhiteElo "2267"]
[BlackElo "2454"]
[TimeControl "180+1"]
[EndTime "11:30:45 PST"]
[Termination "The_Machine04 won on time"]

1. e4 d6 2. d4 Nf6 3. Nc3 e5 4. Nf3 Nbd7 5. Bc4 Be7 6. O-O c6 7. a4 h6 8. Re1 Qc7 9. h3 Nf8 10. a5 g5 11. dxe5 dxe5 12. Be3 Ng6 13. Nd2 Nf4 14.
Bf1 Be6 15. Kh2 Rg8 16. g3 Ng6 17. Nc4 h5 18. Bxg5 h4 19. Qf3 hxg3+ 20. fxg3 Nh7 21. Bxe7 Qxe7 22. Rad1 Ng5 23. Qe3 Rh8 24. Nd6+ Kf8 25. Nf5 Qf6 26. Bg2 Ne7 27. Rf1 Bxf5 28. exf5 Kg7 29. h4 Rag8 30. Kg1 Nh7 31. Ne4 Qh6 32.
Qxh6+ Kxh6 33. f6 Nd5 34. c4 Ne3 35. Rd7 Rxg3 36. Nxg3 Nxf1 37. Kxf1 Rg8 38. Kf2 Nxf6 39. Rxf7 Ng4+ 40. Kf3 e4+ 41. Nxe4 Ne5+ 42. Kf4 Nxf7 43. Bh3 Rf8 44. Bf5 Kg7 45. Ng5 Nh6 46. Ne6+ Kf7 47. Nxf8 Kxf8 48. Kg5 Nf7+ 49. Kf6 b6 50. a6 c5 0-1

[Event "*** Titled Tuesday Blitz"]
[Site "Chess.com"]
[Date "2021.02.16"]
[Round "8"]
[White "politeplayer"]
[Black "bsnsun"]
[Result "1-0"]
[WhiteElo "2249"]
[BlackElo "2436"]
[TimeControl "180+1"]
[EndTime "11:30:45 PST"]
[Termination "politeplayer won by resignation"]

1. e4 c5 2. d4 cxd4 3. c3 d3 4. Bxd3 Nc6 5. c4 d6 6. h3 g6 7. Nf3 Bg7 8. O-O Nf6 9. Nc3 O-O 10. Be3 Be6 11. Rc1 Rc8 12. Re1 Nb4 13. Nd4 Nxd3 14.
Nxe6 Nxb2 15. Nxd8 Nxd1 16. Rcxd1 Rfxd8 17. Bxa7 Rxc4 18. Bd4 Rdc8 19. Bxf6 exf6 20. Nb5 Rc2 21. Nxd6 Ra8 22. Nxb7 Raxa2 23. Rd8+ Bf8 24. Rf1 Kg7 25. Nd6 Rd2 26. Ne8+ Kh6 27. Rxd2 Rxd2 28. Nxf6 Bc5 29.
g3 Re2 30. Kg2 Kg7 31. Nd7 Ba7 32. e5 Rd2 33. Nf6 Re2 34. Ne8+ Kf8 35. Nf6 h5 36. g4 h4 37. g5 Rxe5 38. Nd7+ Ke7 39. Nxe5 Ke6 40.
Nf3 Kf5 41. Nxh4+ Kxg5 42. Nf3+ Kf4 43. Ra1 Bb6 44. Ra4+ Kf5 45. Ra6 Bd8 46. Ra8 Bb6 47. Rb8 Bc7 48. Rb7 Bd6 49. Rxf7+ Ke6 50. Rb7 Kf6 51. Rb6 Ke7 52. Rxd6 Kxd6 53. Kg3 Ke6 54. Kg4 Kf6 55. Kf4 g5+ 56. Nxg5 Kg6 57. Kg4 Kh6 58.
f4 Kg6 59. f5+ Kf6 60. Kf4 Ke7 61. Ne4 Kf7 62. Kg5 Ke7 63. f6+ Kf7 64. Kf5 Kf8 65.
Kg6 Kg8 66. f7+ Kf8 67. Nc5 Ke7 68. Kg7 Kd6 69. f8=Q+ Kc7 70. Qd8+ Kxd8 71. Ne6+ Ke7 72. h4 Kxe6 73. h5 Kf5 74. h6 Ke4 75. h7 1-0

[Event "*** Titled Tuesday Blitz"]
[Site "Chess.com"]
[Date "2021.02.16"]
[Round "8"]
[White "dodorox"]
[Black "Maddie"]
[Result "1-0"]
[WhiteElo "2194"]
[BlackElo "2037"]
[TimeControl "180+1"]
[EndTime "11:30:45 PST"]
[Termination "dodorox won by resignation"]

1. d4 d5 2. c4 c6 3. cxd5 cxd5 4. Nc3 Nc6 5. Bf4 Nf6 6. e3 e6 7. Bd3 Be7 8. Nf3 O-O 9. O-O a6 10. Rc1 Bd7 11. Na4 Qa5 12. Nc5 Bxc5 13. Rxc5 Qxa2 14.
Qd2 Qb3 15. Bc2 Qb6 16. Bb1 Rac8 17. Rfc1 Qb4 18. Qe2 Ne4 19. Bxe4 dxe4 20. Ng5 h6 21. Nxe4 Ne7 22. Bd6 Rfe8 23. Bxe7 f5 24. Rxc8 Qxe7 25. Rxe8+ Qxe8 26. Nc5 Bc6 27. Qd3 Qg6 28. Qf1 h5 29.
Nd3 h4 30. Ne5 Qg4 31. Nxc6 bxc6 32. Rxc6 Qe4 33. Rc1 Qb7 34. Qc4 Qxb2 35. Qc8+ Kh7 36. Qc2 Qb6 37. h3 a5 38. Qc6 Qb2 39. Qc2 Qb6 40. Rb1 Qd6 41. Qb2 a4 42. Ra1 Qa6 43. Qa3 Qe2 44. Qxa4 Qd2 45. Qa2 Qc3 46. Rb1 Qd3 47.
Qb2 Qe4 48. Rc1 Qd3 49. Qc2 Qb5 50. Qc4 Qb2 51. Qc2 Qb5 52. e4 g6 53. exf5 gxf5 54. Rd1 Kg6 55. Qd3 Qa4 56. d5 exd5 57. Qxd5 Kg5 58.
Qd2+ Kg6 59. Qd6+ Kg5 60. Qd3 Kg6 61. Re1 Qb4 62. Qe3 Kf6 63. Qe5+ Kg5 64. Qe7+ Kf4 65. Qxb4+ 1-0

[Event "*** Titled Tuesday Blitz"]
[Site "Chess.com"]
[Date "2021.02.16"]
[Round "8"]
[White "Zenzo"]
[Black "Mihnea2017"]
[Result "0-1"]
[WhiteElo "2602"]
[BlackElo "2476"]
[TimeControl "180+1"]
[EndTime "11:30:46 PST"]
[Termination "Mihnea2017 won by checkmate"]

1. e4 c5 2. Nf3 Nc6 3. d4 cxd4 4. Nxd4 Nf6 5. Nc3 e5 6. Ndb5 d6 7. a4 Be6 8. Bg5 Rc8 9. Be2 a6 10. Na3 Nb4 11. O-O Be7 12. Bxf6 Bxf6 13. Nd5 Nxd5 14.
exd5 Bd7 15. c4 O-O 16. Bg4 e4 17. Rb1 Be5 18. Bxd7 Qxd7 19. b3 f5 20. f3 Rf6 21.
fxe4 fxe4 22. Qe2 Bd4+ 23. Kh1 Rxf1+ 24. Rxf1 Re8 25. Nc2 Bc5 26. Rf4 e3 27. Rf3 a5 28.
g3 h6 29. Kg2 Qe7 30. Ne1 Qe4 31. h3 Rf8 32. Kh2 Rxf3 33. Nxf3 Qb1 34. g4 Qxb3 35.
g5 h5 36. g6 Qb1 37. Nh4 Qe4 38. Qxh5 Qf4+ 39. Kg2 Qf2+ 40. Kh1 Qf1+ 41. Kh2 Qf2+ 42. Ng2 Bd4 43. Qh7+ Kf8 44. Qh8+ Ke7 45. Qc8 e2 46. Qe6+ Kd8 47. Qg8+ Kc7 48. Qf7+ Kb6 49. Qxf2 Bxf2 50.
h4 Bxh4 51. Kh3 e1=Q 52. Nxe1 Bxe1 53. Kg4 Bc3 54. Kf5 Kc5 55. Ke6 Be5 56. Kd7 Kxc4 57. Kc7 Kxd5 58. Kxb7 Kc5 59. Ka6 Kb4 60. Kb6 d5 61. Kc6 d4 62. Kd5 Bf6 63. Ke4 Kc3 64. Kd5 d3 65. Kc5 d2 66. Kb5 d1=Q 67. Kxa5 Qd5+ 68.
Ka6 Kb4 69. a5 Qc6+ 70. Ka7 Kxa5 71. Kb8 Qd7 72. Ka8 Kb6 73. Kb8 Qd8# 0-1

[Event "*** Titled Tuesday Blitz"]
[Site "Chess.com"]
[Date "2021.02.16"]
[Round "8"]
[White "ikhasu"]
[Black "AlexPapasimakopoulos"]
[Result "1/2-1/2"]
[WhiteElo "2417"]
[BlackElo "2605"]
[TimeControl "180+1"]
[EndTime "11:30:46 PST"]
[Termination "Game drawn - insufficient material"]

1. d4 e6 2. Bf4 d5 3. e3 Bd6 4.
Bg3 Ne7 5. c4 Nf5 6. Bxd6 Qxd6 7. Nc3 c6 8. Nf3 Nd7 9. Bd3 dxc4 10. Bxc4 O-O 11. O-O b6 12. e4 Ne7 13. e5 Qb4 14. Bb3 Ba6 15. Re1 Nd5 16. Ne4 Bc4 17. Bxc4 Qxc4 18. b3 Qb4 19. Rc1 c5 20. Rc4 Qa3 21. Ra4 Qb2 22. Re2 Nc3 23. Rxb2 Nxd1 24. Rd2 Nxf2 25.
Kxf2 cxd4 26. Rdxd4 Nb8 27. Rd6 h6 28. Nd4 a5 29.
Rxb6 Nd7 30. Rb5 Rac8 31. Rc4 Rxc4 32. bxc4 Rc8 33. Nd6 Ra8 34. a4 g5 35. Nc6 Ra6 36. Nb8 Nxb8 37. Rxb8+ Kg7 38. c5 f6 39. Ne8+ Kg6 40. Nxf6 Kf5 41. Rb6 Ra8 42. Nd7 Rc8 43.
c6 Ke4 44. Nc5+ Kd5 45. Na6 Rxc6 46. Rb5+ Ke4 47. Nc5+ Kxe5 48. Nb3+ Kf4 49. Nd4 Rd6 50. Ne2+ Kg4 51. h3+ Kh4 52. Rxa5 Rb6 53. Ra8 e5 54.
Rf8 Ra6 55. Rf5 Rxa4 56. Rxe5 Ra6 57. Rf5 Kh5 58. g4+ Kh4 59. Kg2 h5 60. gxh5 Ra2 61.
Rf2 Ra3 62. h6 Ra6 63. Ng3 g4 64. hxg4 Kxg4 65. h7 Rh6 66. Rf7 Kg5 67. Rg7+ Kf6 68. Rd7 Kg6 69. Rd6+ Kxh7 70. Rxh6+ Kxh6 1/2-1/2

[Event "*** Titled Tuesday Blitz"]
[Site "Chess.com"]
[Date "2021.02.16"]
[Round "8"]
[White "eldur16"]
[Black "mary-sanna"]
[Result "1-0"]
[WhiteElo "2482"]
[BlackElo "2053"]
[TimeControl "180+1"]
[EndTime "11:30:46 PST"]
[Termination "eldur16 won by resignation"]

1. Nf3 Nf6 2. g3 d5 3. Bg2 e6 4. O-O Be7 5. d3 O-O 6. Nbd2 c5 7. e4 dxe4 8. dxe4 Nc6 9. Re1 Qc7 10. c3 Rd8 11.
Qc2 b6 12. Nc4 Ba6 13. Bf4 Qc8 14. Nfd2 b5 15. e5 Nd5 16. Ne3 Nxf4 17. gxf4 Rb8 18.
Ne4 b4 19. Rad1 Qc7 20. Bf1 Bxf1 21. Rxf1 Rxd1 22. Rxd1 Rd8 23. Nc4 a5 24. Ned6 Bxd6 25.
exd6 Qb8 26. Qe4 Qb5 27. d7 h6 28. Rd6 Nb8 29. cxb4 axb4 30. Ne5 Nxd7 31. Qd3 Qxd3 32. Rxd3 Kf8 33. Rxd7 Ra8 34. Rxf7+ Ke8 35. Rxg7 Rxa2 36.
Nc4 Ra1+ 37. Kg2 Rc1 38. Nd6+ Kf8 39. Rf7+ Kg8 40. Rc7 Rc2 41. b3 Rc3 42. h4 Rxb3 43. Rxc5 Kg7 44. h5 Rb1 45. Ne4 b3 46. Rb5 b2 47.
Nd2 Rd1 48. Rxb2 Kf6 49. Kf3 Kf5 50. Ke2 Rh1 51. Ke3 Rxh5 52. Rb5+ Kg4 53. Rxh5 Kxh5 54. Ke4 Kg4 55. Ke5 h5 56. Ke4 h4 57. Nf1 Kh3 58. Kf3 e5 59. f5 e4+ 60. Ke2 e3 61. fxe3 Kg2 62. f6 h3 63. f7 h2 64.
Nxh2 Kxh2 65. f8=Q Kh1 66. Qg8 1-0

[Event "*** Titled Tuesday Blitz"]
[Site "Chess.com"]
[Date "2021.02.16"]
[Round "8"]
[White "PaulfromSPb"]
[Black "AldokhinIvan"]
[Result "1-0"]
[WhiteElo "2615"]
[BlackElo "2454"]
[TimeControl "180+1"]
[EndTime "11:30:49 PST"]
[Termination "PaulfromSPb won on time"]

1. h4 e5 2. h5 Nc6 3. d3 d5 4.
Nc3 Bg4 5. Nf3 d4 6. Ne4 f5 7. Ng3 Nf6 8. Bg5 h6 9. Bxf6 Qxf6 10. Nd2 e4 11. dxe4 f4 12. Nf5 O-O-O 13. a3 Bc5 14.
Nf3 Rhe8 15. Qd3 Ne5 16. Nxe5 Qxe5 17. Rh4 Bxf5 18. exf5 Be7 19. Rh3 Bg5 20. Rf3 Kb8 21. O-O-O Bf6 22. Kb1 c5 23. Qd2 Bg5 24. Qd3 Bf6 25.
Qd2 Bg5 26. e3 dxe3 27. Qe2 Rxd1+ 28. Qxd1 e2 29. Bxe2 Qxe2 30. Qd6+ Ka8 31. Qxc5 Qe5 32. Qb4 Qxf5 33. Rb3 Qd5 34. f3 a6 35. Rd3 Re1+ 36. Qxe1 Qc6 37. Qe4 Qb6 38. Qd4 Qc6 39. Qxg7 Bf6 40.
Qxh6 a5 41. Qxf4 a4 42. Qb4 Kb8 43. g4 Qe6 44. Qe4 Qb6 45. Qb4 Qe6 46. Rd1 Qe5 47.
Rc1 Bg5 48. Rf1 Bf6 49. Re1 Qd5 50. Re8+ Kc7 51. Re1 Kb8 52. Qf8+ Ka7 53. Qxf6 Qb5 54. h6 Qa5 55. Qd4+ Ka8 56. Rd1 Kb8 57. h7 1-0

[Event "*** Titled Tuesday Blitz"]
[Site "Chess.com"]
[Date "2021.02.16"]
[Round "8"]
[White "lelya96"]
[Black "Tactictic"]
[Result "0-1"]
[WhiteElo "2240"]
[BlackElo "2419"]
[TimeControl "180+1"]
[EndTime "11:30:49 PST"]
[Termination "Tactictic won by resignation"]

1. c4 Nf6 2. Nc3 e6 3. e4 d5 4. e5 d4 5. exf6 dxc3 6. bxc3 Qxf6 7. d4 b6 8. Be2 Bd6 9. Bf3 c6 10. Qa4 Bb7 11. Ne2 O-O 12. Be3 Rc8 13. O-O Nd7 14.
Rab1 e5 15. c5 Bc7 16. Ng3 exd4 17. Bxd4 Be5 18. Ne4 Qe7 19. Bxe5 Nxe5 20. Nd6 Nxf3+ 21. gxf3 Rd8 22. Rfe1 Qg5+ 23. Qg4 Qxg4+ 24. fxg4 Ba6 25. Re7 f6 26. Nf5 Bd3 27. Rbe1 Bxf5 28. gxf5 Rd5 29. cxb6 axb6 30. Rb7 Rxf5 31. Ree7 Rg5+ 32. Kf1 h5 33. Rxb6 Rxa2 34. Rxc6 Rf5 35. Re2 Ra1+ 36. Kg2 Rg5+ 37. Kf3 h4 38. Re8+ Kh7 39. Re4 Rf5+ 40. Ke2 g5 41.
Re7+ Kg6 42. Rcc7 Re5+ 43. Rxe5 fxe5 44. Kf3 Kf6 45. Rc6+ Kf5 46. Rc5 g4+ 47. Ke2 Kf4 48. Rc8 Ra2+ 49. Ke1 Kf3 50. Rf8+ Kg2 51. Rg8 Kh3 52. Rh8 e4 53. c4 e3 54. fxe3 Rxh2 55. c5 g3 56. c6 Rb2 57. c7 g2 58. Rg8 Rc2 59. Kd1 Rxc7 60. Ke2 Rc2+ 61. Kf3 Kh2 62. Rg4 h3 63. Rg3 g1=Q 64. Rxg1 Kxg1 65. e4 h2 0-1

[Event "*** Titled Tuesday Blitz"]
[Site "Chess.com"]
[Date "2021.02.16"]
[Round "8"]
[White "RD4ever"]
[Black "dropstoneDP"]
[Result "1/2-1/2"]
[WhiteElo "2875"]
[BlackElo "2985"]
[TimeControl "180+1"]
[EndTime "11:30:50 PST"]
[Termination "Game drawn by agreement"]

1. d4 Nf6 2. c4 e6 3. Nf3 d5 4.
g3 Be7 5. Bg2 O-O 6. O-O dxc4 7.
Ne5 Nc6 8. Bxc6 bxc6 9. Nxc6 Qe8 10. Nxe7+ Qxe7 11. Na3 c5 12. dxc5 Qxc5 13. Be3 Qh5 14. f3 e5 15. Bc5 Re8 16. e4 Bh3 17. Rf2 a5 18. Qe2 Rac8 19. Be3 c3 20. b3 Be6 21. Rc1 Rc6 22. Qd3 Rec8 23. Nb5 Ra8 24. Rxc3 Rxc3 25. Qxc3 h6 26. Qd2 Ne8 27. h4 Qg6 28.
Kh2 Qf6 29. Nc3 Qe7 30. Nd5 Qb7 31. Qd3 Nc7 32. Nxc7 Qxc7 33. Rc2 Qb7 34. g4 Kh7 35. h5 a4 36. Rb2 Qc6 37. b4 a3 38. Rc2 Qa4 39.
Bc5 Rc8 40. Kg3 f6 41. Rd2 Qc6 42. Qxa3 Ra8 43. Qc3 Rxa2 44. Rxa2 Bxa2 45. Qd2 Be6 46. Qd6 Qxd6 47. Bxd6 Bd7 48. Kf2 g6 49. Be7 Kg7 50.
hxg6 Kxg6 51. Ke3 Kf7 52. Bd8 Bb5 53. Kd2 Kg6 54. Ke3 Kf7 55. Kf2 Kg6 56. Kg3 Bc4 57.
f4 exf4+ 58. Kxf4 Bb5 59. Ke3 Bd7 60. Kf4 Kf7 61. e5 fxe5+ 62. Kxe5 Bxg4 63. b5 1/2-1/2

[Event "*** Titled Tuesday Blitz"]
[Site "Chess.com"]
[Date "2021.02.16"]
[Round "8"]
[White "AndrewMaco"]
[Black "FontVella8"]
[Result "1/2-1/2"]
[WhiteElo "2667"]
[BlackElo "2570"]
[TimeControl "180+1"]
[EndTime "11:30:51 PST"]
[Termination "Game drawn - insufficient material"]

1. e4 e5 2. Nf3 Nc6 3. Bb5 a6 4. Ba4 g6 5. d4 exd4 6. Nxd4 Qf6 7. Nxc6 dxc6 8. O-O Bg7 9. c3 Ne7 10. Be3 O-O 11. Nd2 Rd8 12. Qe2 Be6 13. f4 Qh4 14. Nf3 Qh5 15. h3 b5 16. Bb3 c5 17. Bxe6 fxe6 18.
Kh2 g5 19. g4 Qg6 20. Nxg5 h6 21. f5 exf5 22. exf5 Be5+ 23. Kg2 Qc6+ 24. Nf3 Nd5 25. Kg1 Re8 26. Bd2 Bxc3 27. Qg2 Bxb2 28. Rae1 Bg7 29.
g5 hxg5 30. Qxg5 Qf6 31. Qg4 c6 32. Kh1 c4 33. Bg5 Qf7 34. Rxe8+ Rxe8 35. Rg1 Nf6 36. Qh4 Re4 37. Qg3 Kf8 38. Qd6+ Qe7 39. Qxc6 Kf7 40. Qxa6 c3 41. Qxb5 Re2 42. Qc4+ Kf8 43. Qxc3 Qe4 44.
Qc8+ Kf7 45. Qe6+ Qxe6 46. fxe6+ Kxe6 47. Re1 Rxe1+ 48. Nxe1 Ne4 49. Be3 Bc3 50. Nc2 Kf5 51. Kg2 Nf6 52. Kf3 Nd5 53. Bd4 Bxd4 54. Nxd4+ Ke5 55.
Nc2 Nc3 56. a3 Kf5 57. Ke3 Nd5+ 58. Kd4 Nf4 59. a4 Nxh3 60. a5 Ng5 61. a6 Ne6+ 62. Kd5 Nc7+ 63. Kc6 Nxa6 1/2-1/2

[Event "*** Titled Tuesday Blitz"]
[Site "Chess.com"]
[Date "2021.02.16"]
[Round "8"]
[White "Iskusnyh"]
[Black "marianokar"]
[Result "1/2-1/2"]
[WhiteElo "2599"]
[BlackElo "2453"]
[TimeControl "180+1"]
[EndTime "11:30:53 PST"]
[Termination "Game drawn by stalemate"]

1. d4 Nf6 2. c4 e6 3. g3 d5 4. Nf3 Be7 5. Bg2 O-O 6. O-O dxc4 7. Qa4 a6 8. Qxc4 b5 9. Qc2 Bb7 10. Bd2 Be4 11. Qc1 c6 12. Nc3 Bg6 13. Rd1 Nbd7 14. Ne5 Nxe5 15. dxe5 Nd5 16. Ne4 Qc7 17.
Nd6 Bxd6 18. exd6 Qxd6 19. e4 Nf6 20. Bf4 Qe7 21. Bd6 Qb7 22. Bxf8 Rxf8 23. Qe3 c5 24. Qxc5 Bxe4 25. Bf1 Bd5 26. Rac1 Ne4 27. Qc7 Qa8 28. Bg2 h6 29. a3 Nf6 30. Bxd5 Nxd5 31. Qc6 Qa7 32.
Qc5 Qb7 33. h4 Rb8 34. Qc6 Qa7 35. Rc5 Kh7 36. Rdc1 h5 37. Qd6 g6 38. Rc7 Nxc7 39.
Rxc7 Rb7 40. Rc8 Rd7 41. Qc6 Qd4 42. Qf3 Qxb2 43. Kg2 Qd4 44. Ra8 Qd5 45. Rxa6 Qxf3+ 46. Kxf3 Kg7 47. Rb6 Rd5 48. Rb7 Kf6 49. Ke3 Kg7 50. Ke4 Rc5 51. Ke3 Rc3+ 52. Ke2 Rxa3 53. Rxb5 Kf6 54. Rb7 e5 55. Rc7 Kf5 56. Rxf7+ Ke6 57. Rf8 Rb3 58. Kf1 Ra3 59. Kg2 Rb3 60. Rf3 Rxf3 61.
Kxf3 Kf5 62. Ke3 g5 63. hxg5 Kxg5 64. Ke4 Kf6 65. Kf3 Kf5 66. Kg2 e4 67. Kh3 Kg5 68. Kg2 Kg4 69. Kg1 h4 70. gxh4 Kxh4 71. Kf1 Kg4 72.
Ke2 Kf4 73. Kd2 Kf3 74. Ke1 e3 75. Kf1 exf2 1/2-1/2

[Event "*** Titled Tuesday Blitz"]
[Site "Chess.com"]
[Date "2021.02.16"]
[Round "8"]
[White "djano"]
[Black "ChelsieMonica"]
[Result "1/2-1/2"]
[WhiteElo "2461"]
[BlackElo "2333"]
[TimeControl "180+1"]
[EndTime "11:30:54 PST"]
[Termination "Game drawn by repetition"]

1. e4 e5 2. Nf3 Nc6 3. Bb5 a6 4. Ba4 Nf6 5. O-O b5 6. Bb3 Be7 7. d3 O-O 8. a4 Rb8 9. Nbd2 d6 10. Re1 Bg4 11. h3 Bh5 12. Nf1 Nd4 13. g4 Nxf3+ 14.
Qxf3 Bg6 15. axb5 axb5 16. Ng3 Nd7 17. c3 Bg5 18. Be3 Qf6 19. Kg2 Qxf3+ 20. Kxf3 Bxe3 21. Kxe3 c5 22. Ra7 Rfd8 23. Rea1 Kf8 24. Bd5 b4 25.
Rc7 Nb6 26. c4 Nxd5+ 27. exd5 Ra8 28. Raa7 Rxa7 29. Rxa7 h6 30. Nf1 f5 31. f3 f4+ 32.
Ke2 h5 33. Nd2 Kg8 34. Nb3 Kh7 35. Na5 Kh6 36. Nc6 Rf8 37. Rd7 Rf6 38. Ne7 Kg5 39. Ng8 hxg4 40. hxg4 Rf8 41. Rxg7 Ra8 42. Ne7 Kf6 43. Rxg6+ Kxe7 44. Rg7+ Kf8 45. Rd7 Ra2 46. Rxd6 Rxb2+ 47. Kd1 Rf2 48. Rf6+ Ke7 49. Re6+ Kd7 50.
Rxe5 Rxf3 51. Kc2 Rf2+ 52. Kb3 Rd2 53. g5 Rxd3+ 54. Kb2 Rg3 55. Rf5 f3 56. g6 Rxg6 57. Rxf3 Kd6 58. Rf4 Rg3 59. Rh4 Rg2+ 60. Kb3 Rg3+ 61.
Kb2 Rc3 62. Re4 Kd7 63. Kb1 Rd3 64. Kc2 Rc3+ 65. Kb2 Kd6 66. Re6+ Kd7 67. Re4 Kd6 68. Re6+ Kd7 69. Re4 1/2-1/2

[Event "*** Titled Tuesday Blitz"]
[Site "Chess.com"]
[Date "2021.02.16"]
[Round "8"]
[White "kidagent"]
[Black "barriochess"]
[Result "1-0"]
[WhiteElo "2323"]
[BlackElo "2433"]
[TimeControl "180+1"]
[EndTime "11:30:54 PST"]
[Termination "kidagent won by checkmate"]

1. e4 e6 2. d4 d5 3. Nd2 Nf6 4. e5 Nfd7 5. f4 c5 6. c3 Nc6 7. Ndf3 Qb6 8. Ne2 f6 9. exf6 Nxf6 10. Qb3 c4 11. Qc2 Bd6 12. g3 O-O 13. Bg2 Ne4 14. Be3 e5 15. O-O-O exf4 16. Bxf4 Bf5 17. Nh4 Bg4 18.
Bxe4 Bxf4+ 19. gxf4 dxe4 20. Ng2 Bf3 21. Rhg1 Kh8 22.
Ne3 Qa6 23. Kb1 b5 24. d5 Nd8 25. Rdf1 Rb8 26. Nd4 Rxf4 27. Rg3 Qf6 28. Rfg1 g6 29. Ng4 Qh4 30. Ne5 Rb7 31. Nexf3 exf3 32. Nxf3 Qf6 33. Qe2 Rf7 34. Nd4 Nb7 35. Re3 Nd6 36. Re1 Kg7 37. Ne6+ Kh6 38. Nxf4 Qxf4 39. Rh3+ Kg7 40.
Qe5+ Qxe5 41. Rxe5 a6 42. Re6 Rd7 43. Rhe3 Nf5 44.
R3e5 h5 45. Rxa6 Kh6 46. a4 Kg5 47. axb5 Kf4 48. Ree6 Rxd5 49. Rxg6 Rxb5 50. Raf6 Ke5 51. Rf8 Ne3 52. Rg5+ Ke4 53. Rxb5 Ng4 54. Rxh5 Ne3 55. Rh4+ Kd3 56. Rd8+ Ke2 57. Re8 Kd2 58. Rd4+ Ke2 59. Rde4 Kd2 60. Rxe3 Kd1 61. Re1+ Kd2 62. R8e2+ Kd3 63.
Re4 Kd2 64. Rf1 Kd3 65. Rd4+ Ke3 66. Rf8 Ke2 67. Kc2 Ke3 68. Rf7 Ke2 69. Re4# 1-0

[Event "*** Titled Tuesday Blitz"]
[Site "Chess.com"]
[Date "2021.02.16"]
[Round "8"]
[White "c_r_e_e_p_e_r"]
[Black "TST2014"]
[Result "0-1"]
[WhiteElo "2374"]
[BlackElo "2566"]
[TimeControl "180+1"]
[EndTime "11:30:56 PST"]
[Termination "TST2014 won on time"]

1. e4 c5 2. Nf3 d6 3. Bb5+ Nd7 4. O-O Nf6 5. Re1 a6 6. Bd3 Ne5 7. Nxe5 dxe5 8. c3 Qxd3 9. Re3 Qd6 10. d3 Bg4 11. f3 Bd7 12. Nd2 b5 13. a4 bxa4 14. Nc4 Qc7 15. Re1 e6 16. f4 exf4 17. Qf3 e5 18.
Bxf4 Bg4 19. Bxe5 Qxe5 20. Nxe5 Bxf3 21. Nxf3 Be7 22. Rxa4 O-O 23. Rea1 Rab8 24. R1a2 Rfd8 25. Ne1 Rd6 26. e5 Re6 27. exf6 Bxf6 28. Kf2 Rbe8 29. Nf3 Re2+ 30. Kg3 h5 31. h4 Rc2 32. b4 Rxc3 33.
bxc5 Rxc5 34. Rxa6 Re3 35. Rd2 Rd5 36. Ra3 g6 37. Kf2 Re6 38. Rb3 Kg7 39. d4 Red6 40. Rbd3 Re6 41. g3 Re4 42. Ne1 Be7 43. Nf3 Bd6 44.
Ng5 Rg4 45. Kg2 Rf5 46. Nh3 Rd5 47. Nf2 f5 48. Nxg4 hxg4 49. Kf2 Kf6 50. Kg2 g5 51. h5 f4 52. h6 Kg6 53. Kf2 Kxh6 54. Rd1 Kg6 55.
Rh1 Kf5 56. Rhd1 fxg3+ 57. Kg2 Bf4 58. Rc3 Ke4 59. Rcd3 Kf5 60. Rc3 Ke6 61. Rcd3 Kd6 62. Rc3 Ra5 63. Rcd3 Ra2+ 64. Kg1 Kd5 65. Rc3 g2 66. Rcd3 g3 0-1

[Event "*** Titled Tuesday Blitz"]
[Site "Chess.com"]
[Date "2021.02.16"]
[Round "8"]
[White "cstevens1"]
[Black "TokChess"]
[Result "0-1"]
[WhiteElo "2607"]
[BlackElo "2393"]
[TimeControl "180+1"]
[EndTime "11:30:59 PST"]
[Termination "TokChess won by checkmate"]

1. e4 c5 2. Nf3 e6 3. d4 cxd4 4. Nxd4 a6 5. Bd3 Bc5 6. Nb3 Ba7 7. Qg4 Nf6 8. Qg3 Nc6 9. Be3 Bxe3 10. Qxe3 Qc7 11. N1d2 O-O 12. O-O-O Nb4 13. Kb1 d6 14. f4 a5 15. a3 Nxd3 16. cxd3 a4 17. Rc1 Qd8 18. Nd4 Bd7 19. e5 Nd5 20. Qg3 Qb6 21. Rc4 Rac8 22. Rhc1 Rxc4 23. Rxc4 dxe5 24. fxe5 Bb5 25.
Nxb5 Qxb5 26. Ne4 Kh8 27. Nd6 Qd7 28. Rh4 f5 29. exf6 Nxf6 30. Qe5 Kg8 31. Rd4 Nd5 32. Nc4 Qf7 33. Re4 b5 34. Nd6 Qf1+ 35. Re1 Qxd3+ 36.
Ka1 Nf4 37. Qxb5 Qxd6 38. Qxa4 Nd5 39. Qe4 Re8 40. Qe5 Qxe5 41. Rxe5 Kf7 42. b4 Kf6 43.
Re1 e5 44. Kb2 e4 45. Kb3 e3 46. a4 Nf4 47. b5 Nxg2 48. Rg1 e2 49. Kb4 e1=Q+ 50.
Rxe1 Nxe1 51. a5 Nd3+ 52. Kc4 Ne5+ 53. Kc5 Nd7+ 54. Kc6 Re5 55. a6 Nb8+ 56. Kb6 Nxa6 57. bxa6 Re6+ 58. Kb5 Re1 59. a7 Rb1+ 60. Ka6 Ra1+ 61.
Kb7 Kf5 62. a8=Q Rxa8 63. Kxa8 Kg4 64. Kb7 Kh3 65. Kc6 g5 66. Kd5 Kxh2 67. Ke4 g4 68.
Kf4 g3 69. Kg4 g2 70. Kh4 g1=Q 71. Kh5 Qg6+ 72. Kh4 Qg7 73. Kh5 h6 74. Kh4 Kg2 75.
Kh5 Qg5# 0-1

[Event "*** Titled Tuesday Blitz"]
[Site "Chess.com"]
[Date "2021.02.16"]
[Round "8"]
[White "woodhy"]
[Black "zmeeed67"]
[Result "1-0"]
[WhiteElo "2457"]
[BlackElo "2314"]
[TimeControl "180+1"]
[EndTime "11:31:01 PST"]
[Termination "woodhy won on time"]

1. e4 Nc6 2. Nc3 Nf6 3. Nf3 d6 4. Bb5 a6 5. Ba4 Bg4 6. h3 Bxf3 7. Qxf3 Nd7 8. Bxc6 bxc6 9. d4 e6 10. O-O Be7 11. d5 cxd5 12. exd5 e5 13. Ne4 O-O 14. Ng3 Bg5 15. Be3 f5 16. Bxg5 Qxg5 17. Qe3 Qg6 18. f4 Rae8 19. c4 a5 20. b3 Nc5 21.
Rae1 exf4 22. Qxf4 Rxe1 23. Rxe1 Nd3 24. Qf2 Nxe1 25. Qxe1 f4 26. Nh1 f3 27. Qf2 fxg2 28.
Qxg2 Qxg2+ 29. Kxg2 a4 30. Nf2 axb3 31. axb3 Rb8 32.
Ne4 Rxb3 33. c5 Re3 34. cxd6 cxd6 35. Nxd6 Rd3 36. Nf5 g6 37. Nd6 Rxd5 38. Ne4 Rd3 39.
Nf6+ Kg7 40. Ng4 Ra3 41. Ne5 h5 42. Nc4 Rc3 43. Ne5 Kh6 44. Nf7+ Kg7 45. Ng5 h4 46. Ne6+ Kh6 47. Nf4 Rg3+ 48. Kh2 g5 49. Ne2 Re3 50. Nd4 Rd3 51. Ne6 Rd2+ 52. Kg1 Kg6 53. Nc5 Kf5 54. Nb3 Rb2 55. Nd4+ Ke4 56. Ne6 Kf5 57. Nd4+ Kf4 58. Ne6+ Kg3 59. Kf1 Rb6 60.
Nxg5 1-0